 Dungeon Crawl Stone Soup version 0.32-a0-699-g1ee5eff69a (webtiles) character file.

Game seed: 10822995070980840958

25705 Strat the Destroyer (level 12, -4/69 HPs)
             Began as a Deep Elf Conjurer on Mar 12, 2024.
             Was an Elder of Hepliaklqana.
             Engulfed by a fire crab's flame (22 damage)
             ... on level 2 of the Lair of Beasts on Mar 13, 2024.
             The game lasted 00:53:43 (20885 turns).

Strat the Destroyer (Deep Elf Conjurer)            Turns: 20885, Time: 00:53:43

Health: -4/69      AC:  6    Str:  9    XL:     12   Next: 91%
Magic:  27/29      EV: 16    Int: 29    God:    Hepliaklqana [****..]
Gold:   665        SH:  0    Dex: 16    Spells: 2/33 levels left

rFire   . . .        a - +1 dagger (protect)
rCold   + . .        (no shield)
rNeg    . . .        i - +2 robe {rC+}
rPois   +            c - +0 helmet
rElec   .            v - +0 cloak
rCorr   +            (no gloves)
SInv    +            (no boots)
Will    ++...        (no amulet)
Stlth   ++           m - ring of poison resistance
HPRegen 0.31/turn    y - ring of the Ladybird {Will+ rCorr Str+5 Dex+3 SInv}
MPRegen 0.21/turn

%: no passive effects
@: about to teleport
A: reduced essence
a: Renounce Religion, Recall Ancestor, Ancestor Identity, Transference, Idealise


You were on level 2 of the Lair of Beasts.
You worshipped Hepliaklqana.
Hepliaklqana was greatly pleased with you.
You visited 3 branches of the dungeon, and saw 14 of its levels.
You also visited: Ossuary.

You collected 752 gold pieces.
You spent 87 gold pieces at shops.

Inventory:

Hand Weapons
 a - a +1 dagger of protection (weapon)
 b - a +1 rapier of speed
Missiles
 z - 5 throwing nets
 B - 6 curare-tipped darts
Armour
 c - a +0 helmet (worn)
 i - a +2 robe of cold resistance (worn)
 v - a +0 cloak (worn)
Jewellery
 m - a ring of poison resistance (left hand)
 y - the ring of the Ladybird (right hand) {Will+ rCorr Str+5 Dex+3 SInv}
   (You acquired it on level 9 of the Dungeon)

   [ring of willpower]

   Str+5:     It affects your strength (+5).
   Dex+3:     It affects your dexterity (+3).
   Will+:     It increases your willpower.
   SInv:      It lets you see invisible.
   rCorr:     It protects you from acid and corrosion.
 C - a ring of fire
 D - a ring of wizardry
Wands
 j - a wand of flame (12)
 k - a wand of light (13)
 r - a wand of paralysis (14)
 s - a wand of iceblast (7)
 E - a wand of mindburst (6)
Scrolls
 d - a scroll of silence
 e - 4 scrolls of teleportation
 f - 2 scrolls of revelation
 h - a scroll of amnesia
 n - 4 scrolls of vulnerability
 t - 3 scrolls of fog
 w - 6 scrolls of identify
Potions
 g - 4 potions of invisibility
 l - a potion of magic
 o - 3 potions of curing
 p - a potion of brilliance
 u - a potion of haste
 x - a potion of enlightenment
 A - 2 potions of lignification
 F - 9 potions of ambrosia
 G - a potion of mutation {unknown}


   Skills:
 - Level 10.0 Fighting
 - Level 10.0 Dodging
 - Level 2.4 Stealth
 - Level 11.0 Spellcasting
 + Level 11.7 Conjurations
 - Level 7.0 Summonings
 - Level 4.0 Translocations
 - Level 5.0 Air Magic
 - Level 3.0 Alchemy
 + Level 6.6 Invocations


You had 2 spell levels left.
You knew the following spells:

 Your Spells              Type           Power      Damage    Failure   Level
a - Magic Dart            Conj           100%       1d8       1%          1
b - Searing Ray           Conj           100%       2d8       1%          2
c - Fulminant Prism       Conj/Alch      28%        3d14      1%          4
d - Iskenderun's Mystic   Conj/Tloc      57%        2d12      1%          4
e - Summon Lightning Spi  Summ/Air       50%        N/A       2%          4
f - Summon Forest         Summ/Tloc      23%        N/A       10%         5
g - Summon Cactus Giant   Summ           27%        N/A       28%         6
h - Freezing Cloud        Conj/Ice/Air   24%        6-21      10%         5

Your spell library contained the following spells:

 Spells                   Type           Power      Damage    Failure   Level
 Cigotuvi's Dreadful Rot  Necr/Alch/Air  62%        N/A       1%          2
 Static Discharge         Conj/Air       100%       3-8/arc   1%          2
 Freeze                   Ice            60%        1d7       3%          1
 Hailstorm                Conj/Ice       50%        3d10      1%          3
 Airstrike                Air            22%        2d(4-20)  4%          4
 Frozen Ramparts          Ice            30%        1d5       10%         3
 Ignite Poison            Fire/Alch      24%        N/A       19%         4
 Sticky Flame             Fire/Alch      24%        2d6       19%         4
 Summon Mana Viper        Hex/Summ       36%        N/A       22%         5
 Ignition                 Fire           7%         3d5       100%        8


Dungeon Overview and Level Annotations

Branches:
Dungeon (11/15)            Temple (1/1) D:6            Lair (2/5) D:11
Ossuary (visited)
  Swamp: Lair:2-3    Shoals: Lair:2-3     Snake: Lair:2-3    Spider: Lair:2-3
    Orc: D:9-12

Altars:
Ashenzari
Cheibriados
Dithmenos
Elyvilon
Fedhas
Gozag
Hepliaklqana
Kikubaaqudgha
Makhleb
Nemelex Xobeh
Okawaru
Qazlal
Ru
Sif Muna
Trog
Uskayaw
Vehumet
Wu Jian
Xom
Yredelemnul
Zin
The Shining One

Shops:
D:9 *

Annotations:
D:8 exclusion: statue
Lair:2 2 runed translucent doors, jamsaran's ghost, journeyman DgAl


Message History

You start resting.
A fire crab is nearby!
You feel much better.
Casting: Summon Lightning Spire (dangerous; 2% risk of failure)
Confirm with . or Enter, or press ? or * to list all spells.
Okay, then.
Okay, then.
Casting: Summon Lightning Spire (dangerous; 2% risk of failure)
Confirm with . or Enter, or press ? or * to list all spells.
Aiming: Freezing Cloud (dangerous; 10% risk of failure)
Press: ? - help, Dir - move target
Okay, then.
Okay, then.
Aiming: Iceblast
Press: ? - help, Shift-Dir - straight line, f - fire crab
Aim: a fire crab (lightly wounded)
The mass of ice explodes!
The iceblast engulfs the fire crab.
The fire crab is moderately wounded.
You hear a bellow!
The fire crab breathes flames at you. The blast of flame engulfs you.
* * * LOW HITPOINT WARNING * * *
Unknown command.
Okay, then.
Okay, then.
As you read the scroll of teleportation, it crumbles to dust.
You feel strangely unstable.
You are engulfed in blazing flames.
* * * LOW HITPOINT WARNING * * *
The fire crab breathes flames at you. The blast of flame engulfs you.
* * * LOW HITPOINT WARNING * * *
Unknown command.
You feel better.
You are engulfed in blazing flames.
* * * LOW HITPOINT WARNING * * *
You feel better.
You are engulfed in blazing flames.
* * * LOW HITPOINT WARNING * * *
The fire crab closely misses you. The fire crab misses you.
You feel better.
You are engulfed in blazing flames.
You die...
Hepliaklqana delivers you to your ancestors.

.####...###..#.#....#.P..##......
.##.##.#.##..##..<...........P###
.....<..........†...........## #
.............................
#..P..........PP.............
.....###########################
#..#.#♣♣.♣♣ ♣♣♣.........♣♣♣ ♣♣.♣♣
.....#♣...♣♣♣..♣♣♣♣.♣♣♣♣..♣♣♣.♣.♣
.....(.......♣♣♣@t.≈...♣♣♣...♣♣♣.
P..#.#♣...♣♣♣..♣♣♣♣.♣♣♣♣..♣♣♣.♣.♣
#..?.#♣♣.♣♣ ♣♣♣.°°°I..°.♣♣♣ ♣♣.♣♣
###..# ### ######♣°♣###### ###
#..#♣♣.♣♣#♣≈≈≈~~♣R♣~~≈≈≈♣#
##.#.♣.♣.#≈≈≈≈~~♣t♣~~≈≈≈≈#
##.#.♣.♣.#≈≈~~~...÷.~~~≈≈#
#..#.....#≈~~~....^..~~~≈#
##.#.###.#~~~.........~t~#


You could see a fire crab.

Vanquished Creatures
  2 two-headed ogres
  3 cane toads
  A kobold demonologist (D:9)
  A troll (D:11)
  Prince Ribbit (D:8)
  7 blink frogs
  2 slime creatures (D:10)
  A vampire (D:10)
  12 yaks
  A basilisk (Lair:2)
  5 water moccasins
  4 orc warriors
  5 ice beasts
  2 wolves
  An ogre (D:6)
  6 centaurs
  7 kobold brigands
  2 elf zombies (Ossuary)
  A bullfrog (D:6)
  4 gnoll sergeants
  A scorpion (D:11)
  3 wights (D:7)
  3 killer bees (Lair:2)
  An electric eel (Lair:2)
  9 howler monkeys
  A human zombie (Ossuary)
  A centaur zombie (Ossuary)
  A hound (D:6)
  A bombardier beetle (D:4)
  4 orc priests
  Crazy Yiuf (D:5)
  Ijyb (D:4)
  2 sleepcaps
  3 gnoll boudas
  4 iguanas
  6 orc wizards
  3 hound zombies (Ossuary)
  Robin (D:2)
  2 mummies (Ossuary)
  30 gnolls
  3 adders
  A shadow imp (D:7)
  2 ufetubi (D:6)
  6 adder zombies (Ossuary)
  3 dart slugs
  2 ribbon worms
  26 orcs
  4 ball pythons
  7 endoplasms
  5 giant cockroaches
  6 gnoll zombies (Ossuary)
  10 hobgoblins
  5 jackals
  29 kobolds
  4 quokkas
  11 bats
  3 frilled lizards
  16 goblins
  8 jackal zombies (Ossuary)
  3 kobold zombies (Ossuary)
  6 orc zombies (Ossuary)
  2 rats
308 creatures vanquished.

Vanquished Creatures (collateral kills)
  Gastronok (D:11)
  A catoblepas (Lair:2)
  A death yak (Lair:2)
  Sonja (Lair:1)
  4 black mambas
  3 cane toads (Lair:2)
  A torpor snail (Lair:2)
  3 komodo dragons (Lair:2)
  A kobold demonologist (D:11)
  2 rime drakes
  2 polar bears
  A queen bee (Lair:2)
  A troll (D:11)
  8 blink frogs
  A shadow (D:11)
  4 wyverns
  A vampire (D:10)
  A wraith (D:11)
  12 yaks
  4 water moccasins
  3 ice beasts
  A black bear (Lair:1)
  A centaur (D:11)
  A wolf (Lair:2)
  A kobold brigand (D:9)
  4 bullfrogs
  21 killer bees (Lair:2)
  An orc priest (D:9)
  An orc wizard (D:10)
  2 nameless horrors
  5 gnolls
  7 orcs
  12 kobolds
113 creatures vanquished.

Vanquished Creatures (others)
  11 knights
  An orc wizard (D:9)
  9 ancestors
  30 fulminant prisms
  A snaplasher vine (Lair:1)
52 creatures vanquished.

Grand Total: 473 creatures vanquished

Notes
Turn   | Place    | Note
-------+----------+-------------------------------------------
     0 | D:1      | Strat the Deep Elf Conjurer began the quest for the Orb.
     0 | D:1      | Reached XP level 1. HP: 10/10 MP: 6/6
   249 | D:1      | Reached XP level 2. HP: 15/15 MP: 6/8
   270 | D:1      | Learned a level 2 spell: Searing Ray
   609 | D:1      | Reached skill level 5 in Conjurations
  1073 | D:1      | Reached XP level 3. HP: 10/19 MP: 6/10
  1651 | D:2      | Reached XP level 4. HP: 24/24 MP: 9/12
  1704 | D:2      | Learned a level 4 spell: Fulminant Prism
  1709 | D:2      | Learned a level 4 spell: Iskenderun's Mystic Blast
  2002 | D:2      | Noticed Robin
  2008 | D:2      | Killed Robin
  2621 | D:2      | Found a faded altar of an unknown god.
  3234 | D:3      | Reached XP level 5. HP: 25/28 MP: 8/14
  3668 | D:3      | Reached skill level 5 in Spellcasting
  4102 | D:4      | Found a sand-covered staircase.
  4115 | Ossuary  | Entered an ossuary
  4246 | Ossuary  | Reached skill level 1 in Translocations
  4246 | Ossuary  | Reached skill level 1 in Alchemy
  4246 | Ossuary  | Reached XP level 6. HP: 21/32 MP: 12/15
  5647 | D:4      | Reached XP level 7. HP: 36/36 MP: 11/16
  6536 | D:4      | Noticed Ijyb
  6550 | D:4      | Killed Ijyb
  6729 | D:5      | Entered Level 5 of the Dungeon
  7522 | D:5      | Reached XP level 8. HP: 42/42 MP: 7/17
  7975 | D:5      | Found a runed translucent door.
  7976 | D:5      | Noticed Crazy Yiuf
  7996 | D:5      | Killed Crazy Yiuf
  8110 | D:6      | Found a hide-covered altar of Uskayaw.
  8151 | D:6      | Reached skill level 1 in Fighting
  8529 | D:6      | Found a staircase to the Ecumenical Temple.
  8535 | Temple   | Entered the Ecumenical Temple
  8567 | Temple   | Became a worshipper of Hepliaklqana the Forgotten
  9325 | D:6      | Identified the +0 robe of Least Resistance {rC- Str-2 Int+3
                  | Dex+5}
  9802 | D:7      | Reached skill level 10 in Conjurations
  9806 | D:7      | Reached XP level 9. HP: 43/51 MP: 12/21
 10020 | D:7      | Reached skill level 5 in Dodging
 10523 | D:7      | Reached * piety under Hepliaklqana
 11645 | D:8      | Noticed Prince Ribbit
 11667 | D:8      | Killed Prince Ribbit
 11668 | D:8      | Reached skill level 5 in Fighting
 12172 | D:8      | Noticed a two-headed ogre
 12187 | D:8      | Killed a two-headed ogre
 12188 | D:8      | Reached XP level 10. HP: 54/54 MP: 11/24
 12294 | D:8      | Identified the +0 robe of an ice cave {Harm rC+ Str-5
                  | Int+6}
 12304 | D:8      | Found a radiant altar of Vehumet.
 12320 | D:8      | Learned a level 4 spell: Summon Lightning Spire
 12326 | D:8      | Learned a level 5 spell: Summon Forest
 12395 | D:8      | Upgraded the game from 0.32-a0-685-g93135e86f0 to
                  | 0.32-a0-699-g1ee5eff69a
 12416 | D:9      | Identified a scroll of acquirement
 12416 | D:9      | Acquired the ring of the Ladybird {Will+ rCorr Str+5 Dex+3
                  | SInv}
 12821 | D:9      | Reached skill level 1 in Summonings
 13288 | D:9      | Noticed a sun demon
 13400 | D:9      | Noticed a sun demon
 14240 | D:9      | Reached ** piety under Hepliaklqana
 14241 | D:9      | Remembered your ancestor Duvessa as a knight
 14242 | D:9      | Found Jaboklad's Assorted Antiques.
 14246 | D:9      | Bought a scroll of teleportation for 87 gold pieces
 14320 | D:10     | Entered Level 10 of the Dungeon
 15021 | D:10     | Reached skill level 10 in Spellcasting
 15364 | D:10     | Noticed a two-headed ogre
 15387 | D:10     | Killed a two-headed ogre
 15388 | D:10     | Reached XP level 11. HP: 45/61 MP: 20/27
 15534 | D:11     | Noticed Gastronok
 15976 | D:11     | Reached *** piety under Hepliaklqana
 16241 | D:11     | Reached skill level 5 in Summonings
 16241 | D:11     | Found a staircase to the Lair.
 16569 | D:11     | Killed Gastronok
 16708 | D:11     | Found a bloodstained altar of Trog.
 17122 | Lair:1   | Entered Level 1 of the Lair of Beasts
 17190 | Lair:1   | Reached skill level 10 in Dodging
 17795 | Lair:1   | Noticed Sonja
 17844 | Lair:1   | Killed Sonja
 17845 | Lair:1   | Reached skill level 1 in Air Magic
 17845 | Lair:1   | Reached XP level 12. HP: 68/68 MP: 23/29
 17901 | Lair:1   | Reached **** piety under Hepliaklqana
 18116 | Lair:1   | Reached skill level 1 in Invocations
 18296 | Lair:1   | Learned a level 6 spell: Summon Cactus Giant
 18334 | Lair:1   | Identified the +1 battleaxe "Pihej" {flame, rF- rN+ Will+
                  | rCorr}
 18635 | Lair:1   | Learned a level 5 spell: Freezing Cloud
 19000 | Lair:2   | Found a large runed translucent door.
 19001 | Lair:2   | Found a large runed translucent door.
 19004 | Lair:2   | Noticed jamsaran's ghost (journeyman DgAl)
 19351 | Lair:2   | Noticed a death yak
 19351 | Lair:2   | Noticed a death yak
 19396 | Lair:2   | Killed a death yak
 19397 | Lair:2   | Reached skill level 10 in Fighting
 19541 | Lair:2   | Noticed a catoblepas
 19602 | Lair:2   | Killed a catoblepas
 20257 | Lair:2   | Reached skill level 5 in Air Magic
 20423 | Lair:2   | Reached skill level 5 in Invocations
 20689 | Lair:2   | Noticed a catoblepas
 20885 | Lair:2   | Engulfed by a fire crab's flame

Illustrated notes

Levels and vault maps discovered:
D:1:      roderic_dead_forest, layout_basic
D:2:      minmay_alternating_diamond, layout_rooms,
          shapermc_ecumenical_altar_notcrosses, st_stairs_11,
          minmay_goblin_kobold_house, uniq_robin
D:3:      layout_basic
D:4:      layout_cave_pods, nicolae_ossuary_entry_monument,
          kennysheep_generic_room_15, uniq_ijyb
D:5:      layout_cave_pools, uniq_crazy_yiuf_cottage
D:6:      layout_loops_ring, lemuel_tele_altar, minmay_temple_entry_wispy
D:7:      layout_basic
D:8:      layout_basic, vehumet_statue, uniq_prince_ribbit1
D:9:      layout_small_grid, serial_shops, nicolae_shop_back_alley_shop,
          amcnicky_mini_pool_small, hangedman_abyss_or_decor_lesser_grid,
          serial_library_hellmonk_room_a
D:10:     layout_loops_ring
D:11:     layout_long_grid, hellmonk_lair_entry_icy, trog_butcher_becter,
          uniq_gastronok
Temple:   mainiacjoe_temple_cubbyholes
Lair:1:   layout_long_grid, uniq_sonja
Lair:2:   nzn_winding_woodlands_large [nzn_winding_woodlands_5x5_perimeter,
          nzn_winding_woodlands_5x15_jagged, nzn_winding_woodlands_hourglass,
          nzn_winding_woodlands_center_triple_pond,
          nzn_winding_woodlands_15x15_eel_pit,
          nzn_winding_woodlands_center_pierced_h,
          nzn_winding_woodlands_5x5_closed_star, nzn_winding_woodlands_5x15_eye,
          nzn_winding_woodlands_5x5_default], layout_gridlike,
          ebering_ghost_disaster_area, special_room [special_room_bee]

Skill      XL: |  1  2  3  4  5  6  7  8  9 10 11 12 |
---------------+-------------------------------------+-----
Conjurations   | 5 6 7 9 10 11 | 11.7
Spellcasting   | 4 5 6 8 10 11 | 11.0
Translocations | 1 2 3 4 |  4.0
Alchemy        | 1 2 3 |  3.0
Fighting       | 3 6 8 9 10 | 10.0
Dodging        | 4 7 8 10 | 10.0
Summonings     | 4 7 |  7.0
Air Magic      | 1 5 |  5.0
Invocations    | 6 |  6.6
Stealth        | |  2.4

Action                     |  1- 3 |  4- 6 |  7- 9 | 10-12 || total
---------------------------+-------+-------+-------+-------++-------
  Melee: Dagger            |     1 |    25 |    22 |    17 ||    65
         Rapier            |       |       |     3 |       ||     3
   Cast: Magic Dart        |    35 |     5 |     1 |     1 ||    42
         Searing Ray       |    15 |    81 |   101 |   139 ||   336
         Fulminant Prism   |       |       |    19 |    11 ||    30
         Iskenderun's Myst |       |       |     2 |       ||     2
         Summon Lightning  |       |       |       |    31 ||    31
         Summon Forest     |       |       |       |     1 ||     1
         Summon Cactus Gia |       |       |       |     8 ||     8
 Invoke: Ancestor Identity |       |       |     1 |       ||     1
         Recall Ancestor   |       |       |       |    24 ||    24
         Ancestor Life: Kn |       |       |       |     1 ||     1
  Evoke: Wand              |       |       |       |     3 ||     3
    Use: Scroll            |       |    11 |     6 |    11 ||    28
         Potion            |       |     1 |     3 |     8 ||    12
   Stab: Distracted        |       |     1 |       |       ||     1
         Sleeping          |       |       |     1 |       ||     1
 Armour: Robe              |     9 |   128 |    72 |   110 ||   319
  Dodge: Dodged            |     8 |   124 |    79 |   126 ||   337

Table legend: (Time is in decaauts)
 A = Elapsed time spent in this place.
 B = Non-inter-level travel time spent in this place.
 C = Inter-level travel time spent in this place.
 D = Time resting spent in this place.
 E = Time spent auto-exploring this place.
 F = Levels seen in this place.
 G = Mean time per level.
                   A        B        C        D        E       F      G
               +--------+--------+--------+--------+--------+-----+--------+
         Total |  20920 |  20036 |    884 |   5214 |   9735 |  15 | 1394.7 |
       Dungeon |  15803 |  15013 |    790 |   3803 |   7760 |  11 | 1436.6 |
        Temple |     62 |      2 |     60 |      0 |      0 |   1 |   62.0 |
          Lair |   3775 |   3741 |     34 |   1003 |   1739 |   2 | 1887.5 |
       Ossuary |   1278 |   1278 |      0 |    408 |    235 |   1 | 1278.0 |
               +--------+--------+--------+--------+--------+-----+--------+

Top non-repeatable levels by time:
  Lair:2: 2222 daAuts
     D:8: 1777 daAuts
     D:4: 1764 daAuts
     D:7: 1615 daAuts
     D:9: 1586 daAuts
  Lair:1: 1552 daAuts
    D:11: 1496 daAuts
     D:5: 1440 daAuts
     D:2: 1410 daAuts
 Ossuary: 1278 daAuts
     D:1: 1253 daAuts
    D:10: 1199 daAuts
     D:3: 1181 daAuts
     D:6: 1078 daAuts
  Temple: 62 daAuts
